 Dungeon Sprint DCSS version 0.29-a0-887-gcbe080d7e0 (webtiles) character file.

Game seed: 5740229212909811579

53046 rocky1 the Minotaur Blade (level 14, -4/220 HPs)
             Began as a Minotaur Monk on July 22, 2022.
             Was the Champion of Okawaru.
             Slain by a death yak (32 damage)
             ... summoned by a spriggan berserker
             ... in the Dungeon (Sprint VII: "The Pits").
             The game lasted 00:31:08 (6671 turns).

rocky1 the Minotaur Blade (Minotaur Monk)           Turns: 6671, Time: 00:31:08

Health: -4/220     AC: 30    Str: 22      XL:     14   Next: 29%
Magic:  1/21       EV: 22    Int:  6 (7)  God:    Okawaru [******]
Gold:   51         SH:  0    Dex: 17      Spells: 13/13 levels left

rFire   . . .      SeeInvis .   t - +5 executioner's axe "Qutuk" {drain, Str+5}
rCold   . . .      Faith    .   (shield currently unavailable)
rNeg    . . .      Spirit   .   Q - +4 plate armour {rPois}
rPois   +          Reflect  .   G - +0 hat {Will+}
rElec   .          Harm     .   u - +1 cloak of Starlight {*Dazzle EV+4 Stlth--}
rCorr   .          Rampage  .   (no gloves)
Will    ++...      Rage     3%  R - +1 pair of boots {Stlth+}
Stlth   .......... NoTele   +   M - amulet of regeneration
HPRegen 1.26/turn               n - +4 ring of slaying
MPRegen 0.17/turn               w - +4 ring of slaying

@: berserking (expiring), heroic, slowed, lost intelligence, unable to read
A: horns 2, retaliatory headbutt, berserk 1
a: Renounce Religion, Heroism, Finesse


You were in the Dungeon.
You worshipped Okawaru.
Okawaru was exalted by your worship.
You visited 1 branch You collected 51 gold pieces.

Inventory:

Hand Weapons
 a - the +5 triple sword "Jellybane" {freeze, Fly rF+ Str+3}
   (Okawaru gifted it to you in the Dungeon)

   It freezes those it strikes, dealing additional cold damage.
   It can also slow down cold-blooded creatures.
   Str:       It affects your strength (+3).
   rF:        It protects you from fire.
   Fly:       It grants you flight.
 b - a +1 arbalest of freezing
 m - a +2 long sword of holy wrath
 t - the +5 executioner's axe "Qutuk" (weapon) {drain, Str+5}
   (Okawaru gifted it to you in the Dungeon)

   A truly terrible weapon, it drains the life of any living foe it strikes.
   Str:       It affects your strength (+5).
 P - the +9 great mace of False Accusations {freeze, Drain Will++ Dex+6}
   (Okawaru gifted it to you in the Dungeon)

   It freezes those it strikes, dealing additional cold damage.
   It can also slow down cold-blooded creatures.
   Dex:       It affects your dexterity (+6).
   Drain:     It drains your maximum health when unequipped.
   Will:      It greatly increases your willpower.
Missiles
 r - 7 javelins
 J - 3 silver javelins (quivered)
Armour
 u - the +1 cloak of Starlight (worn) {*Dazzle EV+4 Stlth--}
   (You found it in the Dungeon)

   It may blind those who miss an attack against the wearer in melee combat.
   EV:        It affects your evasion (+4).
   Stlth:     It makes you much less stealthy.
 C - the +0 pair of gloves of Xagas {Int+7}
   (You found it in the Dungeon)

   Int:       It affects your intelligence (+7).
 G - a +0 hat of willpower (worn)
 I - the +0 pair of gloves of Ifah {+Blink rElec Int-4 Dex+3}
   (Okawaru gifted it to you in the Dungeon)

   Int:       It affects your intelligence (-4).
   Dex:       It affects your dexterity (+3).
   rElec:     It insulates you from electricity.
   +Blink:    It lets you blink.
 N - the +3 hat of Pondering {ponderous, Will+ MP+10 Int+5}
   (You found it in the Dungeon)

   Int:       It affects your intelligence (+5).
   MP:        It affects your magic capacity (+10).
   Will:      It increases your willpower.
 Q - a +4 plate armour of poison resistance (worn)
 R - a +1 pair of boots of stealth (worn)
Jewellery
 n - a +4 ring of slaying (left hand)
 w - a +4 ring of slaying (right hand)
 F - a ring of see invisible
 M - an amulet of regeneration (around neck)
Scrolls
 i - a scroll of blinking
 k - 5 scrolls of amnesia
 y - 3 scrolls of enchant weapon
 D - a scroll of fear
 E - 4 scrolls of enchant armour
Potions
 c - a potion of ambrosia
 d - 9 potions of curing
 e - 14 potions of heal wounds
 f - 4 potions of haste
 g - 3 potions of magic
 h - a potion of berserk rage
 j - 2 potions of invisibility
 o - 2 potions of might
 p - a potion of mutation
 x - 3 potions of brilliance
 B - 2 potions of cancellation
 H - a potion of lignification {unknown}
Miscellaneous
 K - a condenser vane
 L - a lightning rod (4/4)
 O - a tin of tremorstones (2/2)


   Skills:
 - Level 19.8(24.8) Fighting
 - Level 22.0(27) Long Blades
 + Level 20.2(25.2) Axes
 - Level 4.1(9.1) Ranged Weapons
 - Level 17.6(22.6) Armour
 - Level 16.6(21.6) Dodging
 - Level 1.5(6.5) Stealth
 - Level 10.7 Invocations
 + Level 14.0 Evocations


You had 13 spell levels left.
You didn't know any spells.
Your spell library was empty.

Dungeon Overview and Level Annotations

Branches:
Dungeon (1/1)

Altars:
Ashenzari
Cheibriados
Dithmenos
Elyvilon
Fedhas
Gozag
Hepliaklqana
Kikubaaqudgha
Makhleb
Nemelex Xobeh
Okawaru
Qazlal
Ru
Sif Muna
Trog
Uskayaw
Vehumet
Wu Jian
Xom
Yredelemnul
Zin
The Shining One
Jiyva
Lugonu


Innate Abilities, Weirdness & Mutations

You have a pair of horns on your head.
You reflexively headbutt those who attack you in melee.
You sometimes lose your temper in combat.


Message History

You closely miss the wolf spider.
The wolf spider is severely wounded.
You slash the fire elemental! You slice the elephant!!
The wolf spider completely misses you. You furiously retaliate!
You headbutt the wolf spider. The wolf spider bites you.
* * * LOW HITPOINT WARNING * * *
The fire elemental completely misses you.
You furiously retaliate!
You headbutt the fire elemental!!
You destroy the fire elemental!
Okawaru accepts your kill. The elephant barely misses you.
The elephant closely misses you.
You hear a shout!
You slice the wolf spider!!
You kill the wolf spider!
Okawaru accepts your kill.
You slice the elephant!!
You hear a shout! x2
The death yak is engulfed in blazing flames.
The spriggan berserker utters an invocation to Trog.
The spriggan berserker goes berserk!
The elephant tramples you but does no damage.
The elephant misses you.
You feel your intelligence returning.
Your Evocations skill increases to level 14!
You slice the elephant like a ripe choko!!!
You drain the elephant!
You kill the elephant!
The elephant's corpse disappears in a puff of smoke!
You slice the death yak!!
You hear a shout! x2
The death yak gores you!
* * * LOW HITPOINT WARNING * * *
You hear a shout!
You cut the death yak into ribbons!!! You drain the death yak!
You headbutt the death yak!
The death yak is almost dead.
You closely miss the spriggan berserker.
The spriggan berserker hits you but does no damage.
The death yak gores you!!
You die...

#### #..# ##..# . #...#
...## ##...#
......#####..#.#
.......2i@.....#
##......#Y).##.#
........°°.....#
......#####..#.######++##
...### ##...##.........
.# #...##.........
##..''..#....#.
#..''.........
#####†).......


You could see a death yak (summoned, berserk, drained), a green death and a
spriggan berserker (berserk).

Vanquished Creatures
  Saint Roka (D)
  Polyphemus (D)
  2 deep elf blademasters (D)
  2 sphinxes (D)
  An emperor scorpion (D)
  A ghost moth (D)
  2 orc warlords (D)
  A stone giant (D)
  A draconian annihilator (D)
  2 minotaurs (D)
  An eidolon (D)
  A blizzard demon (D)
  An ettin (D)
  2 fire dragons (D)
  2 yaktaur captains (D)
  A hell beast (D)
  2 boulder beetles (D)
  A hydra (D)
  A merfolk avatar (D)
  A vault guard (D)
  A death knight (D)
  A naga warrior (D)
  An alligator snapping turtle (D)
  2 anacondas (D)
  A two-headed ogre (D)
  A vampire mage (D)
  A spriggan (D)
  2 deep elf knights (D)
  A sun demon (D)
  A fire crab (D)
  A spriggan druid (D)
  A flayed ghost (D)
  A deep troll (D)
  A lindwurm (D)
  2 deep elf zephyrmancers (D)
  A deep elf pyromancer (D)
  2 necromancers (D)
  13 orc knights (D)
  An orc sorcerer (D)
  A cyclops (D)
  3 wolf spiders (D)
  12 elephants (D)
  2 black mambas (D)
  A molten gargoyle (D)
  An orange demon (D)
  2 kobold demonologists (D)
  A komodo dragon (D)
  A rime drake (D)
  An efreet (D)
  2 freezing wraiths (D)
  2 yaktaurs (D)
  An ice devil (D)
  A wind drake (D)
  A wind drake (shapeshifter) (D)
  A hornet (D)
  3 red devils (D)
  A tarantella (D)
  3 snapping turtles (D)
  4 slime creatures (D)
  2 shadows (D)
  A wraith (D)
  A fire elemental (D)
  A fire bat (D)
  2 wyverns (D)
  2 steam dragons (D)
  3 vampire mosquitoes (D)
  A chaos spawn (D)
  A redback (D)
  A large abomination (D)
  A floating eye (D)
  A swamp drake (D)
  5 orc warriors (D)
  A black bear (D)
  An ice beast (D)
  An ogre (D)
  A centaur (D)
  A kobold brigand (D)
  Blork the orc (D)
  A crimson imp (D)
  A jelly (D)
  An orc priest (D)
  3 hounds (D)
  3 iron imps (D)
  An orc wizard (D)
  A hell rat (D)
  3 gnolls (D)
  An adder (D)
  2 adder skeletons (D)
  An adder zombie (D)
  An adder simulacrum (D)
  8 orcs (D)
  A bat skeleton (D)
  An endoplasm (D)
  A giant cockroach (D)
  2 goblins (D)
  A hobgoblin (D)
  2 kobolds (D)
  A quokka (D)
  A ball python (D)
  A ball python zombie (D)
  A bat (D)
  A quokka skeleton (D)
  A quokka zombie (D)
  3 rats (D)
178 creatures vanquished.

Vanquished Creatures (others)
  A neqoxec (D)
  An adder skeleton (D)
  An adder simulacrum (D)
  A bat zombie (D)
4 creatures vanquished.

Grand Total: 182 creatures vanquished

Notes
Turn   | Place    | Note
-------+----------+-------------------------------------------
     0 | D        | rocky1 the Minotaur Monk began the quest for the Orb.
     0 | D        | Reached XP level 1. HP: 19/19 MP: 0/0
    19 | D        | Found a bloodstained altar of Trog.
    19 | D        | Found a shimmering blue altar of Sif Muna.
    19 | D        | Found a viscous altar of Jiyva.
    19 | D        | Found a hazy altar of Hepliaklqana.
    19 | D        | Found an opulent altar of Gozag.
    20 | D        | Found a glowing golden altar of the Shining One.
    20 | D        | Found a glowing silver altar of Zin.
    20 | D        | Found a basalt altar of Yredelemnul.
    20 | D        | Found a shimmering altar of Xom.
    20 | D        | Found an ornate altar of the Wu Jian Council.
    20 | D        | Found a sacrificial altar of Ru.
    20 | D        | Found a stormy altar of Qazlal.
    20 | D        | Found an iron altar of Okawaru.
    20 | D        | Found a sparkling altar of Nemelex Xobeh.
    20 | D        | Found a burning altar of Makhleb.
    20 | D        | Found a blossoming altar of Fedhas.
    20 | D        | Found a white marble altar of Elyvilon.
    20 | D        | Found a shadowy altar of Dithmenos.
    20 | D        | Found a snail-covered altar of Cheibriados.
    22 | D        | Found a radiant altar of Vehumet.
    22 | D        | Found a corrupted altar of Lugonu.
    23 | D        | Found a hide-covered altar of Uskayaw.
    23 | D        | Found an ancient bone altar of Kikubaaqudgha.
    23 | D        | Found a broken altar of Ashenzari.
    32 | D        | Became a worshipper of Warmaster Okawaru
    32 | D        | Reached * piety under Okawaru
    32 | D        | Reached ** piety under Okawaru
    80 | D        | Reached skill level 1 in Armour
    82 | D        | Reached skill level 4 in Long Blades
    82 | D        | Reached skill level 1 in Invocations
    82 | D        | Reached XP level 2. HP: 28/28 MP: 0/2
   162 | D        | Noticed a crimson imp
   165 | D        | Killed a crimson imp
   166 | D        | Reached skill level 5 in Fighting
   166 | D        | Reached skill level 5 in Long Blades
   166 | D        | Reached XP level 3. HP: 36/36 MP: 2/4
   171 | D        | Reached skill level 5 in Dodging
   171 | D        | Reached XP level 4. HP: 39/42 MP: 2/5
   236 | D        | Noticed an orc warrior
   241 | D        | Reached skill level 6 in Long Blades
   249 | D        | Reached skill level 5 in Armour
   249 | D        | Reached XP level 5. HP: 51/51 MP: 4/7
   262 | D        | Killed an orc warrior
   262 | D        | Reached *** piety under Okawaru
   263 | D        | Reached skill level 7 in Long Blades
   263 | D        | Reached skill level 5 in Invocations
   275 | D        | Reached XP level 6. HP: 28/61 MP: 6/9
   565 | D        | Noticed a fire bat
   581 | D        | Killed a fire bat
   582 | D        | Reached skill level 8 in Long Blades
   621 | D        | Noticed a snapping turtle
   634 | D        | Killed a snapping turtle
   635 | D        | Reached skill level 9 in Long Blades
   635 | D        | Reached XP level 7. HP: 50/70 MP: 7/11
   807 | D        | Reached **** piety under Okawaru
   912 | D        | Noticed a deep elf zephyrmancer
   912 | D        | Noticed a steam dragon
   922 | D        | Killed a steam dragon
   923 | D        | Reached skill level 10 in Fighting
   923 | D        | Reached skill level 10 in Long Blades
   931 | D        | HP: 2/73 [deep elf zephyrmancer/+0 long sword (5)]
   934 | D        | Killed a deep elf zephyrmancer
   935 | D        | Reached skill level 12 in Long Blades
   935 | D        | Reached XP level 8. HP: 14/83 MP: 12/12
  1365 | D        | Got the +2 scimitar "Leviticus" {vorpal, rN+ MP+9 Str+4
                  | Int-3}
  1504 | D        | Noticed a deep troll
  1532 | D        | Killed a deep troll
  1532 | D        | Reached ***** piety under Okawaru
  1533 | D        | Reached skill level 13 in Long Blades
  1538 | D        | Identified the +4 ring mail "Neaskeif" {Drain rElec rPois
                  | Stlth-} (Okawaru gifted it to you in the Dungeon)
  1538 | D        | Received a gift from Okawaru
  1539 | D        | Reached XP level 9. HP: 54/94 MP: 13/13
  1734 | D        | Noticed a komodo dragon
  1744 | D        | Killed a komodo dragon
  1745 | D        | Reached skill level 14 in Long Blades
  1800 | D        | Noticed a deep elf pyromancer
  1821 | D        | Killed a deep elf pyromancer
  1822 | D        | Reached skill level 10 in Armour
  1822 | D        | Reached skill level 10 in Dodging
  2056 | D        | Noticed a rime drake
  2056 | D        | Noticed Blork the orc
  2056 | D        | Noticed a black mamba
  2056 | D        | Noticed a cyclops
  2056 | D        | Noticed a deep elf zephyrmancer
  2066 | D        | Killed a black mamba
  2070 | D        | Killed Blork the orc
  2071 | D        | Reached skill level 15 in Fighting
  2071 | D        | Noticed a boulder beetle
  2076 | D        | Killed a rime drake
  2083 | D        | Killed a deep elf zephyrmancer
  2084 | D        | Reached XP level 10. HP: 94/106 MP: 16/16
  2090 | D        | Killed a cyclops
  2095 | D        | Killed a boulder beetle
  2096 | D        | Reached skill level 10 in Invocations
  2105 | D        | Noticed an orc knight
  2108 | D        | Noticed an orange demon
  2122 | D        | Killed an orc knight
  2132 | D        | Killed an orange demon
  2407 | D        | Noticed a yellow draconian annihilator
  2413 | D        | Noticed a boulder beetle
  2428 | D        | Killed a yellow draconian annihilator
  2433 | D        | Killed a boulder beetle
  2433 | D        | Identified the +5 triple sword "Jellybane" {freeze, Fly rF+
                  | Str+3} (Okawaru gifted it to you in the Dungeon)
  2433 | D        | Received a gift from Okawaru
  2688 | D        | Noticed an elephant
  2695 | D        | Reached XP level 11. HP: 83/117 MP: 18/18
  2899 | D        | Noticed a vampire mage
  2899 | D        | Noticed a wolf spider
  2899 | D        | Noticed a two-headed ogre
  2911 | D        | Killed a wolf spider
  2912 | D        | Reached skill level 15 in Long Blades
  2916 | D        | Reached skill level 16 in Long Blades
  2919 | D        | Killed a vampire mage
  2919 | D        | Received a gift from Okawaru
  2922 | D        | Killed a two-headed ogre
  2923 | D        | Reached skill level 17 in Long Blades
  2956 | D        | Noticed a necromancer
  2962 | D        | Killed a necromancer
  2963 | D        | Reached skill level 18 in Long Blades
  3234 | D        | Got the +0 pair of gloves of Xagas {Int+7}
  3376 | D        | Noticed a lindwurm
  3391 | D        | Killed a lindwurm
  3652 | D        | Reached skill level 19 in Long Blades
  3658 | D        | Identified the +5 executioner's axe "Qutuk" {drain, Str+5}
                  | (Okawaru gifted it to you in the Dungeon)
  3658 | D        | Received a gift from Okawaru
  3664 | D        | Reached skill level 20 in Long Blades
  4005 | D        | Noticed an emperor scorpion
  4005 | D        | Noticed a flayed ghost
  4011 | D        | Killed an emperor scorpion
  4012 | D        | Reached skill level 21 in Long Blades
  4012 | D        | Reached XP level 12. HP: 125/125 MP: 19/19
  4016 | D        | Reached skill level 22 in Long Blades
  4128 | D        | Noticed an alligator snapping turtle
  4134 | D        | Noticed a minotaur
  4153 | D        | Killed an alligator snapping turtle
  4153 | D        | Noticed Saint Roka
  4154 | D        | Reached skill level 5 in Axes
  4155 | D        | Noticed an anaconda
  4160 | D        | Killed a minotaur
  4160 | D        | Reached ****** piety under Okawaru
  4161 | D        | Reached skill level 15 in Armour
  4165 | D        | Killed an anaconda
  4165 | D        | Received a gift from Okawaru
  4172 | D        | Killed Saint Roka
  4176 | D        | Reached skill level 15 in Dodging
  4243 | D        | Noticed a death knight
  4256 | D        | Killed a death knight
  4434 | D        | Noticed Polyphemus
  4446 | D        | Killed Polyphemus
  5008 | D        | Reached skill level 10 in Axes
  5118 | D        | Noticed a fire dragon
  5126 | D        | Killed a fire dragon
  5214 | D        | Found the +3 hat of Pondering {ponderous, Will+ MP+10
                  | Int+5}
  5365 | D        | Noticed a sphinx
  5365 | D        | Noticed a hell beast
  5365 | D        | Noticed an ettin
  5365 | D        | Noticed a sphinx
  5372 | D        | Killed an ettin
  5373 | D        | Reached skill level 1 in Ranged Weapons
  5373 | D        | Reached skill level 1 in Evocations
  5373 | D        | Reached XP level 13. HP: 138/138 MP: 13/20
  5376 | D        | Killed a sphinx
  5384 | D        | Killed a sphinx
  5384 | D        | Identified the +9 great mace of False Accusations {freeze,
                  | Drain Will++ Dex+6} (Okawaru gifted it to you in the
                  | Dungeon)
  5384 | D        | Received a gift from Okawaru
  5609 | D        | Reached skill level 5 in Evocations
  5730 | D        | Noticed an orc warlord
  5739 | D        | Killed an orc warlord
  5824 | D        | Identified the +0 pair of gloves of Ifah {+Blink rElec
                  | Int-4 Dex+3} (Okawaru gifted it to you in the Dungeon)
  5824 | D        | Received a gift from Okawaru
  5854 | D        | Noticed an orc warlord
  5863 | D        | Killed an orc warlord
  5918 | D        | Noticed an eidolon
  5929 | D        | Killed an eidolon
  5930 | D        | Reached skill level 15 in Axes
  5987 | D        | Noticed a fire dragon
  5987 | D        | Noticed a deep elf blademaster
  5988 | D        | Noticed a stone giant
  5999 | D        | Killed a deep elf blademaster
  6003 | D        | Killed a stone giant
  6004 | D        | Reached skill level 10 in Evocations
  6015 | D        | Killed a fire dragon
  6192 | D        | Noticed a deep elf blademaster
  6204 | D        | Noticed a blizzard demon
  6206 | D        | Killed a deep elf blademaster
  6207 | D        | Reached XP level 14. HP: 70/147 MP: 21/21
  6422 | D        | Found the +1 cloak of Starlight {*Dazzle EV+4 Stlth--}
  6594 | D        | Identified the +3 executioner's axe of the Beginning
                  | {vorpal, rC+ Will+} (Okawaru gifted it to you in the
                  | Dungeon)
  6594 | D        | Received a gift from Okawaru
  6619 | D        | Acquired a +1 arbalest of freezing
  6646 | D        | Noticed an emperor scorpion
  6646 | D        | Lost intelligence.
  6655 | D        | Gained mutation: You sometimes lose your temper in combat.
                  | [a neqoxec]
  6662 | D        | Killed a ghost moth
  6671 | D        | Slain by a death yak

Illustrated notes

Levels and vault maps discovered:
D:        pitsprint [storerooms_1, entrance_room_1, metal_vault_1, armoury_3,
          mini_pit_1, grid_room_1, main_hall_1, silver_pit, the_coven_2,
          the_vestibule_1, steel_vault_2, golden_pit, hallway_of_sentries,
          crystal_vault_2, iron_vault_4, final_vault]

Skill      XL: |  1  2  3  4  5  6  7  8  9 10 11 12 13 14 |
---------------+-------------------------------------------+-----
Armour         | 2 3 5 6 8 9 11 13 14 17 | 17.6
Fighting       | 4 5 6 7 9 12 13 15 17 19 | 19.8
Long Blades    | 4 5 6 7 9 12 13 14 21 22 | 22.0
Invocations    | 1 2 3 4 5 6 9 10 | 10.7
Dodging        | 4 5 6 7 8 9 11 13 16 | 16.6
Axes           | 4 10 18 20 | 20.2
Ranged Weapons | 1 4 |  4.1
Evocations     | 1 11 14 | 14.0
Stealth        | |  1.5

Action                   |  1- 3 |  4- 6 |  7- 9 | 10-12 | 13-15 || total
-------------------------+-------+-------+-------+-------+-------++-------
Melee: Falchion          |    19 |       |       |       |       ||    19
       Headbutt          |     5 |    11 |    17 |    65 |    36 ||   134
       Long sword        |       |    46 |    28 |     2 |       ||    76
       Punch             |       |       |     1 |     1 |       ||     2
       Scimitar          |       |       |    51 |    54 |       ||   105
       Triple sword      |       |       |       |   170 |   156 ||   326
       Executioner's axe |       |       |       |       |    11 ||    11
 Fire: Arbalest          |       |       |       |       |    10 ||    10
Throw: Boomerang         |       |    13 |       |       |       ||    13
Invok: Heroism           |       |     2 |       |     6 |     4 ||    12
       Finesse           |       |       |       |     6 |     3 ||     9
  Use: Potion            |       |     1 |     1 |     4 |     3 ||     9
       Scroll            |       |       |       |       |     1 ||     1
 Stab: Sleeping          |     1 |       |       |       |       ||     1
       Invisible         |       |       |       |       |     1 ||     1
Armor: Robe              |     3 |       |       |       |       ||     3
       Chain mail        |       |    30 |    14 |       |       ||    44
       Plate armour      |       |       |    21 |    95 |   109 ||   225
Dodge: Dodged            |     7 |    16 |    29 |   155 |   137 ||   344

Table legend: (Time is in decaauts)
 A = Elapsed time spent in this place.
 B = Non-inter-level travel time spent in this place.
 C = Inter-level travel time spent in this place.
 D = Time resting spent in this place.
 E = Time spent auto-exploring this place.
 F = Levels seen in this place.
 G = Mean time per level.
                   A        B        C        D        E       F      G
               +--------+--------+--------+--------+--------+-----+--------+
         Total |   6537 |   6461 |     76 |   4358 |      0 |   1 | 6537.0 |
       Dungeon |   6537 |   6461 |     76 |   4358 |      0 |   1 | 6537.0 |
               +--------+--------+--------+--------+--------+-----+--------+

Top non-repeatable levels by time:
       D: 6537 daAuts
